 Dungeon Crawl Stone Soup version 0.22.1 (webtiles) character file.

257499 MalarOregon the Warrior (level 19, -18/181 HPs)
             Began as a Hill Orc Fighter on Sept 18, 2018.
             Was the Champion of Qazlal.
             Demolished by a vault warden
             ... wielding a +3 battleaxe of flaming
              (21 damage)
             ... on level 2 of the Vaults.
             The game lasted 02:17:24 (38733 turns).

MalarOregon the Warrior (Hill Orc Fighter)         Turns: 38733, Time: 02:17:25

Health: -18/181    AC: 29    Str: 27    XL:     19   Next: 84%
Magic:  26/26      EV: 10    Int: 18    God:    Qazlal [******]
Gold:   2041       SH: 25    Dex:  8    Spells: 11/18 levels left

rFire    . . .     SeeInvis .   V - +4 war axe (elec)
rCold    + . .     Gourm    .   c - +2 shield
rNeg     . . .     Faith    .   Z - +4 ring mail of the Bulwark {-Tele rElec Regen+ Str+3}
rPois    +         Spirit   .   m - +0 helmet
rElec    +         Reflect  .   F - +0 cloak of Disguise {MR++}
rCorr    .         Harm     .   C - +2 pair of gloves {Str+3}
MR       +++..     NoTele   +   p - +1 pair of boots
Stlth    ..........             S - amulet of the acrobat
HPRegen  0.80/turn              k - ring "Rukevum" {rPois rC+ Int+2}
MPRegen  0.20/turn              X - +3 ring of protection

@: protected from physical damage, berserk cooldown, slowed, repel missiles,
very slow
A: clever 1, clumsy 1
}: 2/15 runes: serpentine, barnacled
a: Upheaval, Elemental Force, Disaster Area, Renounce Religion


You were on level 2 of the Vaults.
You worshipped Qazlal.
Qazlal was exalted by your worship.
You were not hungry.

You visited 5 branches of the dungeon, and saw 31 of its levels.
You visited the Abyss 2 times.
You also visited: Labyrinth, Sewer and Ice Cave.

You collected 2320 gold pieces.
You spent 279 gold pieces at shops.

Inventory:

Hand Weapons
 q - a +2 broad axe of venom
   (You took it off a naga sharpshooter on level 4 of the Snake Pit)
 V - a +4 war axe of electrocution (weapon)
   (You found it on level 10 of the Dungeon)
 Y - a +0 war axe of flaming
   (You took it off a skeletal warrior on level 12 of the Dungeon)
Missiles
 O - 4 throwing nets (quivered) {!f}
Armour
 c - a +2 shield (worn)
 m - a +0 helmet (worn)
   (You found it on level 4 of the Dungeon)
 p - a +1 pair of boots (worn)
   (You bought it in a shop on level 3 of the Shoals)
 C - a +2 pair of gloves of strength (worn)
   (You found it on level 2 of the Lair of Beasts)
 F - the +0 cloak of Disguise (worn) {MR++}
   (You found it on level 8 of the Dungeon)

   It affects your resistance to hostile enchantments.
 W - a +0 large shield
   (You took it off Louise on level 1 of the Snake Pit)
 Z - the +4 ring mail of the Bulwark (worn) {-Tele rElec Regen+ Str+3}
   (You bought it in a shop on level 3 of the Shoals)

   It affects your strength (+3).
   It insulates you from electricity.
   It prevents most forms of teleportation.
   It increases your rate of regeneration.
Jewellery
 k - the ring "Rukevum" (left hand) {rPois rC+ Int+2}
   (You found it in an ice cave)

   [ring of protection from cold]

   It affects your intelligence (+2).
   It protects you from cold.
   It protects you from poison.
 l - an uncursed ring of protection from magic
   (You found it on level 1 of the Dungeon)
 z - an uncursed ring of see invisible
   (You found it on level 11 of the Dungeon)
 B - an uncursed ring of fire
   (You found it on level 4 of the Dungeon)
 N - an uncursed ring of wizardry
   (You found it on level 2 of the Lair of Beasts)
 P - an uncursed ring of flight
   (You found it in a labyrinth)
 S - an amulet of the acrobat (around neck)
   (You found it on level 11 of the Dungeon)
 T - an uncursed ring of resist corrosion
   (You found it on level 11 of the Dungeon)
 X - a +3 ring of protection (right hand)
   (You found it on level 12 of the Dungeon)
Wands
 d - a wand of iceblast (41)
   (You found it in a labyrinth)
 n - a wand of clouds (8)
   (You found it on level 3 of the Lair of Beasts)
 t - a wand of flame (14)
   (You found it on level 4 of the Shoals)
 v - a wand of digging (82)
   (You found it on level 6 of the Dungeon)
 x - a wand of acid (17)
   (You found it on level 6 of the Lair of Beasts)
 A - a wand of polymorph (25)
   (You found it on level 11 of the Dungeon)
 D - a wand of enslavement (4)
   (You took it off an orc warrior on level 1 of the Vaults)
Scrolls
 g - 11 scrolls of identify {@r1}
 i - 12 scrolls of remove curse {@r2}
 o - 6 scrolls of immolation {!r}
 s - 21 scrolls of teleportation {@r4}
 w - 2 scrolls of blinking
 y - 8 scrolls of magic mapping
 H - 2 scrolls of fog
 I - 4 scrolls of fear
 K - a scroll of silence
 Q - a scroll of vulnerability {!r}
Potions
 f - 4 potions of brilliance
 h - 7 potions of cancellation
 j - 9 potions of curing {@q1}
 r - 3 potions of resistance
 u - a potion of haste {@q3}
 G - 6 potions of mutation {!q}
 L - 4 potions of magic
 U - 4 potions of might
Miscellaneous
 a - a lamp of fire (inert)
   (You found it on level 4 of the Shoals)
 R - 2 sacks of spiders
Comestibles
 e - 65 rations {!d}
 E - 7 chunks of flesh


   Skills:
 + Level 18.9 Fighting
 + Level 16.7 Axes
 + Level 17.6 Armour
 + Level 17.6 Shields
 + Level 9.2 Conjurations
 + Level 9.8 Fire Magic
 - Level 5.0 Invocations
 - Level 10.0 Evocations


You had 11 spell levels left.
You knew the following spells:

 Your Spells              Type           Power        Failure   Level  Hunger
a - Flame Tongue          Conj/Fire      ####.        1%          1    ##.....
c - Bolt of Fire          Conj/Fire      ####......   65%         6    #######

Your spell library contained the following spells:

 Spells                   Type           Power        Failure   Level  Hunger
 Magic Dart               Conj           ####         1%          1    ##.....
 Searing Ray              Conj           ####..       1%          2    ###....
 Sting                    Conj/Pois      ###.         4%          1    ##.....
 Throw Frost              Conj/Ice       ###...       6%          2    ###....
 Iskenderun's Mystic Bla  Conj           ####....     6%          4    #####..
 Dazzling Spray           Conj/Hex       ###...       13%         3    ####...
 Stone Arrow              Conj/Erth      ###...       13%         3    ####...
 Mephitic Cloud           Conj/Pois/Air  ##......     24%         3    ####...
 Animate Skeleton         Necr           N/A          28%         1    ##.....
 Apportation              Tloc           #.....       28%         1    ##.....
 Confusing Touch          Hex            #.....       28%         1    ##.....
 Corona                   Hex            #......      28%         1    ##.....
 Freeze                   Ice            #...         28%         1    ##.....
 Pain                     Necr           #...         28%         1    ##.....
 Summon Butterflies       Summ           #.......     28%         1    ##.....
 Summon Small Mammal      Summ           #...         28%         1    ##.....
 Corpse Rot               Necr           N/A          38%         2    ###....
 Poisonous Vapours        Pois/Air       #.....       38%         2    ###....
 Slow                     Hex            #.......     38%         2    ###....
 Force Lance              Conj/Tloc      ###.....     38%         4    #####..
 Fulminant Prism          Conj/Hex       ###.......   38%         4    #####..
 Throw Icicle             Conj/Ice       ###.....     38%         4    #####..
 Confuse                  Hex            #.......     63%         3    ####...
 Gell's Gravitas          Tloc           #.........   63%         3    ####...
 Lesser Beckoning         Tloc           #.........   63%         3    ####...
 Ozocubu's Armour         Chrm/Ice       #.......     63%         3    ####...
 Portal Projectile        Hex/Tloc       #.....       63%         3    ####...
 Regeneration             Chrm/Necr      #.........   63%         3    ####...
 Spectral Weapon          Hex/Chrm       #.......     63%         3    ####...
 Summon Guardian Golem    Hex/Summ       #.......     63%         3    ####...
 Tukima's Dance           Hex            #.......     63%         3    ####...
 Vampiric Draining        Necr           #.........   63%         3    ####...
 Venom Bolt               Conj/Pois      ###.......   75%         5    ######.
 Animate Dead             Necr           N/A          95%         4    #####..
 Cause Fear               Hex            #.........   95%         4    #####..
 Leda's Liquefaction      Hex/Erth       #.........   95%         4    #####..
 Olgreb's Toxic Radiance  Pois           #.......     95%         4    #####..
 Petrify                  Tmut/Erth      #.......     95%         4    #####..
 Summon Ice Beast         Ice/Summ       #.......     95%         4    #####..
 Summon Lightning Spire   Summ/Air       #.......     95%         4    #####..
 Alistair's Intoxication  Tmut/Pois      #.......     100%        5    ######.
 Metabolic Englaciation   Hex/Ice        #.........   100%        5    ######.
 Silence                  Hex/Air        #.........   100%        5    ######.
 Summon Forest            Summ/Tloc      #.........   100%        5    ######.
 Yara's Violent Unravell  Hex/Tmut       #.........   100%        5    ######.
 Conjure Ball Lightning   Conj/Air       ###.......   100%        6    #######
 Deflect Missiles         Chrm/Air       #.........   100%        6    #######
 Hydra Form               Tmut           #.........   100%        6    #######
 Invisibility             Hex            #.......     100%        6    #######
 Dragon Form              Tmut           #.........   100%        7    #######
 Ring of Flames           Chrm/Fire      ###.......   100%        7    #######
 Summon Hydra             Summ           #.........   100%        7    #######
 Dragon's Call            Summ           #.........   100%        9    #######
 Tornado                  Air            #.........   100%        9    #######


Dungeon Overview and Level Annotations

Branches:
Dungeon (15/15)            Temple (0/1) D:6            Lair (6/6) D:11
 Shoals (4/4) Lair:3        Snake (4/4) Lair:3        Slime (0/5) Lair:5
    Orc (0/2) D:10         Vaults (2/5) D:13         Depths (0/5) D:15
  Crypt: Vaults:2-3

Altars:
Cheibriados
Gozag
Kikubaaqudgha
Qazlal
Ru
Sif Muna
Uskayaw
Vehumet
Xom
Yredelemnul
Zin

Shops:
D:8 (   D:10 ?   Shoals:3 [[   Snake:2 *


Innate Abilities, Weirdness & Mutations

Your mind is acute. (Int +2)
You are clumsy. (Dex -2)


Message History

Reactivating autopickup.
You feel a bit more experienced. You block the vault warden's attack.
You block the deep troll shaman's attack. x3
The vault warden activates a sealing rune.
Unknown command.
Unknown command.
Unknown command.
There's nothing to close nearby.
Here: a deep troll shaman (almost dead)
A morningstar.
There is something else lying underneath.
The floor, spattered with blood.
There's nothing to close nearby.
Aim: a deep troll shaman (almost dead)
The burst of metal fragments hits the deep troll shaman.
You kill the deep troll shaman!
Qazlal accepts your kill.
The burst of metal fragments hits the ogre mage. x2
The vault warden barely misses you.
The vault warden hits you but does no damage.
You block the vault warden's attack.
You closely miss the vault warden. You completely miss the vault warden.
You block the vault warden's attack. The ogre mage casts a spell at you.
The crystal spear misses you.
The vault warden hits you with a dire flail!
* * * LOW HITPOINT WARNING * * *
You feel more protected from physical attacks.
Aim: a vault warden, wielding a dire flail and wearing a chain mail (almost The burst of metal fragments hits the vault warden. x3
You kill the vault warden!
Qazlal accepts your kill.
The now-empty wand crumbles to dust.
The vault warden hits you with a battleaxe of flaming!!
* * * LOW HITPOINT WARNING * * *
The vault warden burns you.
* * * LOW HITPOINT WARNING * * *
The ogre mage gestures at you while chanting.
You block the crystal spear.
The ogre mage mumbles some strange words.
The ogre mage blinks!
Okay, then.
Okay, then.
Wield which item (- for none, * to show all)? (? for menu, Esc to quit)
Okay, then.
As you read the scroll of fear, it crumbles to dust.
You assume a fearsome visage.
The ogre mage looks frightened!
The vault warden easily resists.
The vault warden hits you with a battleaxe of flaming!!
You die...

##..#...'......#
##...#†..'......#
.....'†).########
.....#.).#
######..(# #...#
####§§.###########
.....§§§§§p§)......
.....§.§)§@)§......
.....§§§§§§).O.....
#####§§§###########
#...# #...# #...#
#..[


You could see a vault warden and an ogre mage (fleeing).

Vanquished Creatures
  Nikola (Snake:3)
  Rupert (Lair:5)
  A kraken (Shoals:2)
  Kirke (Shoals:2)
  7 nagarajas
  3 frost giants
  Louise (Snake:1)
  7 vault wardens
  2 ironheart preservers (Vaults:1)
  2 entropy weavers
  Nessos (D:12)
  Azrael (D:12)
  2 minotaurs
  2 merfolk javelineers
  3 yaktaur captains
  7 merfolk impalers
  2 ogre magi (Vaults:1)
  2 fire dragons (D:15)
  20 naga warriors
  2 rakshasas
  Harold (D:8)
  9 centaur warriors
  8 hydras
  A catoblepas (Lair:6)
  6 merfolk avatars
  7 anacondas
  9 merfolk aquamancers
  A death knight (Vaults:2)
  An alligator snapping turtle (Shoals:4)
  6 death yaks (Lair:6)
  A deep troll shaman (Vaults:2)
  11 two-headed ogres
  2 satyrs
  A tengu warrior (D:7)
  Urug (Lair:2)
  The ghost of Oddysee the Fighter, a novice DrBe of Trog (D:8)
  8 naga sharpshooters
  A deep elf knight (Vaults:2)
  5 shock serpents
  A shadow wraith (Vaults:2)
  A fire crab (shapeshifter) (Vaults:2)
  A salamander mystic (Snake:3)
  6 skeletal warriors
  10 sea snakes
  An orange crystal statue (D:13)
  A flayed ghost (Vaults:1)
  A swamp dragon (Lair:5)
  5 unseen horrors
  10 naga ritualists
  A deep elf mage (D:13)
  3 wizards
  4 harpies (Shoals:4)
  8 ironbrand convokers
  2 necromancers (Vaults:1)
  An obsidian statue (D:9)
  2 orc knights
  A shambling mangrove (Lair:5)
  8 ugly things
  A wolf spider (Vaults:2)
  13 cyclopes
  4 fauns
  2 wolf spider zombies
  10 mana vipers
  A moth of wrath (shapeshifter) (D:8)
  2 oklob plants
  8 manticores
  A black mamba (shapeshifter) (Vaults:1)
  6 salamanders
  5 elephants
  4 guardian serpents
  5 centaur zombies
  22 naga magi
  Joseph (D:8)
  35 black mambas
  7 merfolk sirens
  4 water nymphs
  6 vault sentinels
  8 spiny frogs
  An ice statue (IceCv)
  5 rime drakes
  4 centaur skeletons
  2 gargoyles
  6 komodo dragons
  A human skeleton (Vaults:1)
  13 yaktaurs
  2 ice devils (D:12)
  4 freezing wraiths
  3 kobold demonologists
  A queen bee (Lair:5)
  An entropy weaver simulacrum (Vaults:2)
  A wandering mushroom (Lair:5)
  23 merfolk
  2 trolls (D:14)
  3 wind drakes
  3 hornets
  A jumping spider (Vaults:1)
  6 meliai
  24 polar bears
  7 snapping turtles
  12 slime creatures
  9 dream sheep
  11 blink frogs
  15 hippogriffs
  3 redbacks
  3 spriggans
  13 water elementals
  A human (Shoals:2)
  A wraith (Vaults:1)
  3 wyverns
  55 yaks
  3 hungry ghosts
  3 vampires
  Eustachio (D:4)
  A basilisk (D:14)
  4 hogs (Shoals:2)
  4 vampire mosquitoes
  A human simulacrum (Vaults:1)
  6 wargs (Lair:6)
  50 nagas
  21 water moccasins
  Duvessa (D:6)
  19 hell hounds
  9 porcupines
  2 human zombies (Vaults:1)
  3 ice beasts
  12 orc warriors
  Purgy (Sewer)
  4 phantoms
  3 sky beasts
  13 black bears
  An elf zombie (Vaults:1)
  An eye of draining (D:15)
  A necrophage (D:7)
  3 boggarts (Vaults:1)
  31 wolves
  13 centaurs
  11 ogres
  18 crocodiles
  4 big kobolds
  A bullfrog (shapeshifter) (D:13)
  2 yaktaur skeletons (Vaults:1)
  20 bullfrogs
  Dowan (D:6)
  4 scorpions
  39 killer bees
  An elf simulacrum (Vaults:1)
  9 wights
  A howler monkey (D:4)
  2 electric eels (Snake:3)
  9 crimson imps
  2 bullfrog zombies
  5 hounds
  A quasit (D:10)
  4 jellies
  5 orc priests
  2 bullfrog skeletons (D:9)
  10 orc wizards
  6 iguanas
  9 worker ants
  2 hound zombies (D:8)
  4 hound skeletons
  2 worker ant zombies
  9 adders
  14 gnolls
  4 shadow imps
  4 white imps (Abyss:3)
  An ooze (D:1)
  An adder skeleton (D:6)
  3 worms
  3 dart slugs
  10 leopard geckos
  52 orcs
  2 giant cockroaches (D:5)
  9 hobgoblins
  8 jackals
  3 quokkas
  3 ball pythons
  14 bats
  5 frilled lizards
  7 goblins
  27 kobolds
  A leopard gecko skeleton (D:8)
  A leopard gecko zombie (D:9)
  A quokka skeleton (D:4)
  5 rats
  2 fungi
  17 plants
  2 tentacles (Shoals:2)
1192 creatures vanquished.

Vanquished Creatures (collateral kills)
  A merfolk (Shoals:4)
1 creature vanquished.

Vanquished Creatures (others)
  3 bushes (Lair:6)
  17 fungi
  86 plants
  4 starspawn tentacles (Abyss:2)
  14 tentacles (Shoals:2)
124 creatures vanquished.

Grand Total: 1317 creatures vanquished

Notes
Turn   | Place    | Note
-------+----------+-------------------------------------------
     0 | D:1      | MalarOregon the Hill Orc Fighter began the quest for the
                  | Orb.
     0 | D:1      | Reached XP level 1. HP: 19/19 MP: 1/1
    42 | D:1      | Reached XP level 2. HP: 27/27 MP: 2/2
   122 | D:1      | Reached XP level 3. HP: 18/33 MP: 3/3
   180 | D:1      | Reached skill level 4 in Fighting
   685 | D:2      | Reached XP level 4. HP: 32/40 MP: 4/4
  1497 | D:3      | Reached XP level 5. HP: 35/47 MP: 5/5
  1514 | D:3      | Found a radiant altar of Vehumet.
  1801 | D:4      | Noticed a phantom
  1810 | D:4      | Reached skill level 5 in Axes
  1856 | D:4      | HP: 2/47 [phantom (4)]
  1861 | D:4      | Killed a phantom
  1861 | D:4      | Reached XP level 6. HP: 4/55 MP: 6/6
  2120 | D:4      | Reached skill level 5 in Fighting
  2361 | D:4      | Noticed Eustachio
  2373 | D:4      | Killed Eustachio
  2373 | D:4      | Reached XP level 7. HP: 61/61 MP: 7/7
  2489 | D:4      | Reached skill level 5 in Armour
  2630 | D:5      | Entered Level 5 of the Dungeon
  2681 | D:5      | Reached skill level 5 in Shields
  2829 | D:5      | Reached XP level 8. HP: 28/70 MP: 8/8
  2832 | D:5      | Reached skill level 6 in Fighting
  2924 | D:5      | Found a glowing drain.
  2956 | Sewer    | Entered a sewer
  3015 | Sewer    | Noticed Purgy
  3024 | Sewer    | Killed Purgy
  3784 | D:6      | Found a staircase to the Ecumenical Temple.
  3936 | D:6      | Found a basalt altar of Yredelemnul.
  4222 | D:6      | Noticed Duvessa
  4223 | D:6      | Noticed Dowan
  4229 | D:6      | Killed Duvessa
  4229 | D:6      | Reached skill level 7 in Fighting
  4229 | D:6      | Reached XP level 9. HP: 79/79 MP: 9/9
  4234 | D:6      | Killed Dowan
  4367 | D:6      | Found a snail-covered altar of Cheibriados.
  4369 | D:6      | Found a sacrificial altar of Ru.
  4370 | D:6      | Found a deep blue altar of Sif Muna.
  4370 | D:6      | Found a glowing silver altar of Zin.
  4371 | D:6      | Found a stormy altar of Qazlal.
  4372 | D:6      | Found an ancient bone altar of Kikubaaqudgha.
  4637 | D:6      | Became a worshipper of Qazlal Stormbringer
  4725 | D:7      | Reached skill level 10 in Axes
  5102 | D:7      | Reached * piety under Qazlal
  5515 | D:8      | Found an opulent altar of Gozag.
  5518 | D:8      | Noticed a harpy
  5518 | D:8      | a black bear changed into a harpy
  5521 | D:8      | Found a shimmering altar of Xom.
  5526 | D:8      | Noticed an orb spider
  5526 | D:8      | a harpy changed into an orb spider
  5527 | D:8      | Noticed a tengu warrior
  5565 | D:7      | HP: 4/80 [sky beast (6)]
  5587 | D:7      | Gained mutation: You are clumsy. (Dex -2) [potion of
                  | mutation]
  5587 | D:7      | Gained mutation: Your mind is acute. (Int +2) [potion of
                  | mutation]
  5609 | D:7      | HP: 4/81 [tengu warrior/war axe (3)]
  5640 | D:7      | Killed a tengu warrior
  5640 | D:7      | Reached skill level 8 in Fighting
  5640 | D:7      | Reached XP level 10. HP: 15/88 MP: 10/10
  6089 | D:8      | Noticed a swamp dragon
  6097 | D:8      | a swamp dragon changed into a snapping turtle
  6114 | D:8      | Noticed a moth of wrath
  6114 | D:8      | a snapping turtle changed into a moth of wrath
  6131 | D:8      | HP: 2/90 [moth of wrath (shapeshifter) (14)]
  6132 | D:8      | Killed a moth of wrath
  6620 | D:8      | Noticed Harold
  6624 | D:8      | Noticed Joseph
  6641 | D:8      | Killed Joseph
  6643 | D:8      | Killed Harold
  6643 | D:8      | Reached skill level 9 in Fighting
  6969 | D:8      | Reached skill level 1 in Evocations
  6980 | D:8      | Found Kegecixzyf's Weapon Emporium.
  6992 | D:8      | Got an ancient cloak
  7082 | D:8      | Found a runed door.
  7083 | D:8      | Noticed Oddysee's ghost (novice DrBe)
  7172 | D:8      | Got a brightly glowing robe
  7193 | D:8      | Identified the cursed +0 cloak of Disguise {MR++} (You
                  | found it on level 8 of the Dungeon)
  7851 | D:9      | Noticed an obsidian statue
  7897 | D:9      | Reached ** piety under Qazlal
  7937 | D:9      | Reached XP level 11. HP: 90/97 MP: 12/12
  8255 | D:9      | Killed an obsidian statue
  8274 | D:9      | Noticed a two-headed ogre
  8285 | D:9      | Killed a two-headed ogre
  8450 | D:10     | Entered Level 10 of the Dungeon
  8488 | D:10     | Found Nurergh's Magic Scroll Shop.
  8643 | D:10     | Noticed a two-headed ogre
  8659 | D:10     | Killed a two-headed ogre
  8659 | D:10     | Reached *** piety under Qazlal
  8715 | D:10     | Found a staircase to the Orcish Mines.
  8805 | D:10     | Killed an unseen horror
  8977 | D:10     | Found a stormy altar of Qazlal.
  9157 | D:11     | Noticed a two-headed ogre
  9163 | D:11     | Reached skill level 10 in Fighting
  9173 | D:11     | Killed a two-headed ogre
  9207 | D:11     | Noticed a two-headed ogre
  9219 | D:11     | Killed a two-headed ogre
  9385 | D:11     | Found a labyrinth entrance.
  9401 | Lab      | Entered a labyrinth
  9440 | Lab      | Noticed a minotaur
  9453 | Lab      | Killed a minotaur
  9453 | Lab      | Reached XP level 12. HP: 60/107 MP: 15/15
  9757 | D:11     | Found a staircase to the Lair.
  9975 | D:11     | Reached skill level 15 in Axes
 10561 | D:8      | Found a shimmering altar of Xom.
 10561 | D:8      | Found an opulent altar of Gozag.
 10640 | D:8      | Found Kegecixzyf's Weapon Emporium.
 10752 | D:8      | Found a runed door.
 10856 | D:8      | Reached skill level 10 in Armour
 10856 | D:8      | Reached skill level 10 in Shields
 10856 | D:8      | Reached skill level 5 in Evocations
 11041 | D:8      | Killed Oddysee's ghost
 11042 | D:8      | Got a polished trident {vamp}
 11157 | Lair:1   | Entered Level 1 of the Lair of Beasts
 11179 | Lair:1   | Identified the +1 robe "Homouce" {MR+ rCorr MP+9 Str+2}
                  | (You found it on level 8 of the Dungeon)
 11302 | Lair:1   | Reached skill level 11 in Fighting
 12058 | Lair:2   | Noticed Urug
 12221 | Lair:2   | Reached **** piety under Qazlal
 12438 | Lair:2   | Reached XP level 13. HP: 113/117 MP: 16/16
 12538 | Lair:2   | Killed Urug
 12725 | Lair:2   | Reached skill level 12 in Fighting
 13332 | Lair:3   | Found a staircase to the Snake Pit.
 13893 | Lair:3   | Found a staircase to the Shoals.
 15134 | Lair:5   | Found a staircase to the Slime Pits.
 15198 | Lair:5   | Reached ***** piety under Qazlal
 15745 | Lair:5   | Reached skill level 13 in Fighting
 17228 | Lair:6   | Entered Level 6 of the Lair of Beasts
 17229 | Lair:6   | Noticed Rupert
 17249 | Lair:5   | Killed Rupert
 17257 | Lair:6   | Noticed Snorg
 17264 | Lair:6   | Reached XP level 14. HP: 95/129 MP: 17/17
 17271 | Lair:5   | Noticed Snorg
 17271 | Lair:5   | Snorg changed into Snorg the swamp dragon
 17676 | Lair:5   | Killed Snorg the swamp dragon
 18397 | Lair:6   | Reached skill level 14 in Fighting
 18879 | Lair:6   | Reached ****** piety under Qazlal
 19878 | D:12     | Noticed Nessos
 19908 | D:12     | Killed Nessos
 20099 | D:12     | Reached skill level 15 in Fighting
 20280 | D:12     | Reached XP level 15. HP: 87/141 MP: 18/18
 20327 | D:12     | Found a frozen archway.
 20472 | IceCv    | Entered an ice cave
 20793 | IceCv    | Got an iridescent quarterstaff
 21014 | IceCv    | Noticed a frost giant
 21033 | IceCv    | Killed a frost giant
 21060 | IceCv    | Got a heavily runed bronze ring
 21062 | IceCv    | Identified the ring "Rukevum" {rPois rC+ Int+2} (You found
                  | it in an ice cave)
 21596 | D:12     | Noticed Azrael
 21614 | D:12     | Killed Azrael
 22284 | D:13     | Identified the Papyrus of the Fetching Voyage
 22421 | D:13     | Found a gate to the Vaults.
 22627 | D:13     | Found a runed door.
 22643 | D:13     | Found a runed door.
 22657 | D:13     | Found a runed door.
 22667 | D:13     | Found a runed door.
 23170 | D:13     | Reached skill level 16 in Fighting
 23623 | D:14     | Reached skill level 15 in Armour
 23631 | D:14     | Reached skill level 15 in Shields
 23939 | D:15     | Entered Level 15 of the Dungeon
 24067 | D:15     | Reached XP level 16. HP: 78/152 MP: 19/19
 24536 | D:15     | Found a staircase to the Depths.
 24778 | D:15     | Learned a level 6 spell: Bolt of Fire
 24884 | Snake:1  | Entered Level 1 of the Snake Pit
 25059 | Snake:1  | Reached skill level 1 in Invocations
 25085 | Snake:1  | Reached skill level 1 in Conjurations
 25085 | Snake:1  | Reached skill level 1 in Fire Magic
 25124 | Snake:1  | Noticed Louise
 25151 | Snake:1  | Cast into level 3 of the Abyss (Louise)
 25171 | Snake:1  | Escaped the Abyss
 25187 | Snake:1  | Killed Louise
 26248 | Snake:2  | Learned a level 1 spell: Flame Tongue
 26501 | Snake:2  | Noticed a nagaraja
 26519 | Snake:2  | Killed a nagaraja
 26580 | Snake:2  | Reached skill level 17 in Fighting
 26593 | Snake:2  | Got a fine robe
 26793 | Snake:2  | Found Wiumm's Assorted Antiques.
 27471 | Snake:3  | Noticed Nikola
 27503 | Snake:3  | Noticed a nagaraja
 27506 | Snake:3  | Killed Nikola
 27848 | Snake:3  | Killed a nagaraja
 27901 | Snake:3  | Reached skill level 5 in Invocations
 27959 | Snake:3  | Reached XP level 17. HP: 64/161 MP: 21/21
 28798 | Snake:3  | Identified the cursed +0 robe of Amelioration {rN+ Str+4
                  | Stlth+} (You took it off a naga ritualist on level 2 of the
                  | Snake Pit)
 28822 | Snake:4  | Entered Level 4 of the Snake Pit
 29291 | Snake:4  | Reached skill level 5 in Fire Magic
 29854 | Snake:4  | Reached skill level 5 in Conjurations
 31147 | Snake:4  | Got a serpentine rune of Zot
 31556 | Shoals:1 | Entered Level 1 of the Shoals
 31594 | Shoals:1 | Reached XP level 18. HP: 101/171 MP: 24/24
 32361 | Shoals:1 | Reached skill level 18 in Fighting
 32939 | Shoals:1 | Found a hide-covered altar of Uskayaw.
 33272 | Shoals:2 | Noticed Kirke
 33286 | Shoals:2 | Killed Kirke
 34420 | Shoals:3 | Found Waucoc's Armour Shop.
 34428 | Shoals:3 | Bought a +0 pair of boots for 63 gold pieces
 34433 | Shoals:3 | Identified a scroll of acquirement
 34894 | Shoals:3 | Found Ukonteh's Antique Armour Emporium.
 35011 | Shoals:3 | Bought an encrusted ring mail for 216 gold pieces
 35021 | Shoals:3 | Identified the +4 ring mail of the Bulwark {-Tele rElec
                  | Regen+ Str+3} (You bought it in a shop on level 3 of the
                  | Shoals)
 35310 | Shoals:4 | Entered Level 4 of the Shoals
 35610 | Shoals:4 | Cast into level 2 of the Abyss (merfolk impaler)
 35703 | Shoals:4 | Escaped the Abyss
 35743 | Shoals:4 | Identified the Catalogue of Poison and Ignition
 36001 | Shoals:4 | Got a barnacled rune of Zot
 36032 | Shoals:4 | Found the +8 Wrath of Trog {antimagic, *Rage}
 36156 | Shoals:4 | Identified the Collected Works on the Oath and Ice
 37132 | Vaults:1 | Entered Level 1 of the Vaults
 37136 | D:13     | Reached XP level 19. HP: 180/180 MP: 26/26
 37491 | Vaults:1 | Reached skill level 10 in Evocations
 38177 | Vaults:1 | Got a dazzling scale mail
 38434 | Vaults:2 | Identified the +0 scale mail "Dugeag" {Dex+2} (You found it
                  | on level 1 of the Vaults)
 38687 | Vaults:2 | Paralysed by a hornet for 3 turns
 38732 | Vaults:2 | HP: 2/181 [vault warden/battleaxe of flaming (23)]
 38733 | Vaults:2 | Demolished by a vault warden

Skill      XL: |  1  2  3  4  5  6  7  8  9 10 11 12 13 14 15 16 17 18 19 |
---------------+----------------------------------------------------------+-----
Axes           | 3 4 5 6 7 9 11 13 14 16 | 16.7
Fighting       | 4 5 7 8 9 10 11 13 15 16 17 18 | 18.9
Armour         | 4 5 6 7 8 9 10 12 14 15 16 17 | 17.6
Shields        | 4 5 6 7 8 9 10 12 14 15 16 17 | 17.6
Evocations     | 1 4 5 6 8 9 10 | 10.0
Invocations    | 5 |  5.0
Conjurations   | 3 6 8 9 |  9.2
Fire Magic     | 4 6 8 9 |  9.8

Action                   |  1- 3 |  4- 6 |  7- 9 | 10-12 | 13-15 | 16-18 | 19-21 || total
-------------------------+-------+-------+-------+-------+-------+-------+-------++-------
Melee: War axe           |   103 |   224 |   457 |   790 |   886 |  1620 |   363 ||  4443
       Demon trident     |       |       |       |       |   598 |       |       ||   598
Throw: Throwing net      |       |       |       |       |     1 |       |       ||     1
 Cast: Flame Tongue      |       |       |       |       |       |    11 |       ||    11
Evoke: Wand              |       |       |       |    19 |    12 |   138 |     5 ||   174
       Box of beasts     |       |       |       |       |       |     3 |       ||     3
       Lamp of fire      |       |       |       |       |       |       |     1 ||     1
  Use: Potion            |     2 |     1 |    10 |     3 |     8 |     4 |     2 ||    30
       Scroll            |       |     8 |     5 |     8 |    14 |    12 |     3 ||    50
 Stab: Invisible         |       |       |     5 |       |       |       |       ||     5
       Fleeing           |       |       |     1 |       |       |       |       ||     1
  Eat: Chunk             |       |     5 |    16 |    18 |    26 |    22 |     1 ||    88
       Ration            |       |       |       |     3 |     3 |     7 |     1 ||    14
Armor: Scale mail        |    65 |    93 |    73 |       |   404 |   226 |     2 ||   863
       Plate armour      |       |       |   215 |   405 |    22 |       |       ||   642
       Troll leather arm |       |       |    11 |       |       |       |       ||    11
       Ring mail         |       |       |       |    11 |       |    74 |    75 ||   160
       Robe              |       |       |       |     1 |       |       |       ||     1
       Skin              |       |       |       |       |    19 |       |     1 ||    20
Dodge: Dodged            |    50 |    64 |   105 |   119 |   357 |   309 |    56 ||  1060
       Deflected         |       |       |       |       |     7 |    55 |     5 ||    67
Block: Shield            |    81 |   112 |   251 |   519 |  1370 |  1189 |   318 ||  3840
       Other             |       |       |       |     6 |       |       |       ||     6
       Large shield      |       |       |       |       |       |   431 |       ||   431
